 Dungeon Crawl Stone Soup version 0.30-a0-310-g7d6cbdfea6 (webtiles) character file.

Game seed: 1412490561944374146

177 garrulousMonolith the Slasher (level 5, -1/23 (43) HPs)
             Began as a Gnoll Reaver on Oct 24, 2022.
             Succumbed to a scorpion's poison
             ... on level 4 of the Dungeon.
             The game lasted 00:03:22 (3216 turns).

garrulousMonolith the Slasher (Gnoll Reaver)        Turns: 3216, Time: 00:03:23

HP:   -1/23 (43)    AC:  4    Str: 12    XL:     5   Next: 57%
MP:   6/12          EV: 12    Int: 14    God:
Gold: 124           SH:  0    Dex: 10    Spells: 7/14 levels left

rFire   . . .      SeeInvis .    a - +0 falchion
rCold   . . .      Faith    .    (no shield)
rNeg    . . .      Spirit   .    b - +0 leather armour
rPois   .          Reflect  .    (no helmet)
rElec   .          Harm     .    (no cloak)
rCorr   .          Rampage  .    o - +0 pair of gloves
Will    .....                    (no boots)
Stlth   +.........               (no amulet)
HPRegen 0.23/turn                (no ring)
MPRegen 0.13/turn                (no ring)

@: lethally poisoned (-1 -> -20), very slightly contaminated, very heavily
drained
A: fangs 1, strong nose, distributed training
a: no special abilities


You were on level 4 of the Dungeon.
You visited 1 branch of the dungeon, and saw 4 of its levels.

You collected 124 gold pieces.

Inventory:

Hand Weapons
 a - a +0 falchion (weapon)
 d - a +0 sling
Missiles
 h - 2 silver boomerangs (quivered)
 r - 2 poisoned darts
Armour
 b - a +0 leather armour (worn)
 o - a +0 pair of gloves (worn)
Scrolls
 c - a scroll of immolation {unknown}
 f - a scroll of silence
 g - 2 scrolls of fear {unknown}
 j - a scroll of identify {unknown}
 k - a scroll of teleportation {unknown}
 m - a scroll of noise {unknown}
 n - a scroll of vulnerability {unknown}
 p - a scroll of amnesia {unknown}
Potions
 e - 2 potions of curing
 i - a potion of might {unknown}
 l - a potion of haste {unknown}
 q - 2 potions of degeneration {unknown}


   Skills:
 + Level 4.8 Fighting
 + Level 1.6 Short Blades
 + Level 6.7 Long Blades
 + Level 1.6 Axes
 + Level 1.6 Maces & Flails
 + Level 1.6 Polearms
 + Level 1.6 Staves
 + Level 1.6 Ranged Weapons
 + Level 1.6 Throwing
 + Level 1.6 Armour
 + Level 4.8 Dodging
 + Level 1.6 Stealth
 + Level 1.6 Shields
 + Level 1.6 Unarmed Combat
 + Level 5.2 Spellcasting
 + Level 5.6 Conjurations
 + Level 1.3 Hexes
 + Level 1.3 Summonings
 + Level 1.3 Necromancy
 + Level 1.3 Translocations
 + Level 1.3 Transmutations
 + Level 1.3 Fire Magic
 + Level 1.3 Ice Magic
 + Level 1.3 Air Magic
 + Level 1.3 Earth Magic
 + Level 1.3 Poison Magic
 + Level 1.8 Invocations
 + Level 1.6 Evocations


You had 7 spell levels left.
You knew the following spells:

 Your Spells              Type           Power      Damage    Failure   Level
a - Kiss of Death         Conj/Necr      52%        2d9       5%          1
b - Sandblast             Erth           14%        2d6       13%         1
c - Stone Arrow           Conj/Erth      26%        3d8       16%         3
d - Passwall              Tmut/Erth      5%         N/A       19%         2

Your spell library contained the following spells:

 Spells                   Type           Power      Damage    Failure   Level
 Momentum Strike          Conj/Tloc      26%        3d8       8%          2
 Hailstorm                Conj/Ice       13%        3d5       16%         3
 Sublimation of Blood     Necr           7%         N/A       19%         2
 Wereblood                Tmut           7%         N/A       19%         2
 Call Canine Familiar     Summ           7%         N/A       36%         3
 Frozen Ramparts          Ice            14%        1d3       36%         3
 Portal Projectile        Hex/Tloc       14%        N/A       36%         3
 Ice Form                 Ice/Tmut       7%         N/A       77%         4
 Leda's Liquefaction      Hex/Erth       3%         N/A       77%         4
 Summon Ice Beast         Ice/Summ       7%         N/A       77%         4
 Summon Hydra             Summ           3%         N/A       100%        7


Dungeon Overview and Level Annotations

Branches:
Dungeon (4/15)
 Temple: D:4-7

Altars:

Shops:
D:1 (


Innate Abilities, Weirdness & Mutations

You have very sharp teeth.
Your uncanny sense of smell can sniff out nearby items.
Your experience applies equally to all skills.


Message History

Press: ? - help, Shift-Dir - straight line, f/p - scorpion
Aim: a scorpion (81% to hit)
The blast of sand hits the scorpion.
The scorpion is lightly wounded.
You feel very sick. The scorpion stings you.
You are more poisoned.
The scorpion poisons you! The scorpion completely misses you.
Casting: Sandblast (safe; 13% risk of failure)
Confirm with . or Enter, or press ? or * to list all spells.
Aiming: Sandblast (safe; 13% risk of failure)
Press: ? - help, Shift-Dir - straight line, f/p - scorpion
Aim: a scorpion (lightly wounded, 81% to hit)
The blast of sand hits the scorpion but does no damage.
The scorpion is lightly wounded.
You feel very sick. The scorpion barely misses you.
Casting: Sandblast (safe; 13% risk of failure)
Confirm with . or Enter, or press ? or * to list all spells.
Aiming: Sandblast (safe; 13% risk of failure)
Press: ? - help, Shift-Dir - straight line, f/p - scorpion
Aim: a scorpion (lightly wounded, 81% to hit)
You miscast Sandblast.
Nothing appears to happen.
* * * LOW HITPOINT WARNING * * *
You feel very sick. The scorpion stings you.
* * * LOW HITPOINT WARNING * * *
The scorpion stings you.
* * * LOW HITPOINT WARNING * * *
You are more poisoned.
The scorpion poisons you!
Casting: Sandblast (safe; 13% risk of failure)
Confirm with . or Enter, or press ? or * to list all spells.
Aiming: Kiss of Death (safe; 5% risk of failure)
Press: ? - help, Shift-Dir - straight line, f/p - scorpion
Aim: a scorpion (lightly wounded, 100% to hit)
The negative energy hits the scorpion.
The scorpion is drained!
The scorpion is moderately wounded.
You feel drained.
You die...

##.## ##...######
#.........########
##...####.........
######.######........
............#.######.
.#####.####.#.# .#
#.# #.#.######.#.#
.#####.#
#..<..@sg.....
.......#
###.####.....#
..####.# #... .....
......#. ..... ...#
######.# ###...# ∆..#
##.## .. #.# . #.


You could see a scorpion (drained) and a goblin.

Vanquished Creatures
  An iguana (D:4)
  Natasha (thrice) (D:3)
  A gnoll (D:1)
  2 adders (D:3)
  2 dart slugs
  9 endoplasms
  2 giant cockroaches
  3 goblins
  2 hobgoblins (D:2)
  A quokka (D:2)
  8 ball pythons
  4 bats
  6 frilled lizards
  3 kobolds
  2 rats
49 creatures vanquished.

Notes
Turn   | Place    | Note
-------+----------+-------------------------------------------
     0 | D:1      | garrulousMonolith the Gnoll Reaver began the quest for the
                  | Orb.
     0 | D:1      | Reached XP level 1. HP: 20/20 MP: 6/6
    13 | D:1      | Found Xeenn's Weapon Shoppe.
    26 | D:1      | Reached XP level 2. HP: 12/26 MP: 7/7
   245 | D:1      | Learned a level 1 spell: Sandblast
   400 | D:1      | Reached skill level 5 in Spellcasting
   400 | D:1      | Reached XP level 3. HP: 30/31 MP: 7/9
   404 | D:1      | Learned a level 3 spell: Stone Arrow
   407 | D:1      | Learned a level 2 spell: Passwall
   991 | D:2      | Reached skill level 1 in Invocations
  1910 | D:3      | Noticed Natasha
  1913 | D:3      | Killed Natasha
  1914 | D:3      | Reached skill level 1 in Short Blades
  1914 | D:3      | Reached skill level 1 in Axes
  1914 | D:3      | Reached skill level 1 in Maces & Flails
  1914 | D:3      | Reached skill level 1 in Polearms
  1914 | D:3      | Reached skill level 1 in Staves
  1914 | D:3      | Reached skill level 1 in Ranged Weapons
  1914 | D:3      | Reached skill level 1 in Throwing
  1914 | D:3      | Reached skill level 1 in Armour
  1914 | D:3      | Reached skill level 1 in Stealth
  1914 | D:3      | Reached skill level 1 in Shields
  1914 | D:3      | Reached skill level 1 in Unarmed Combat
  1914 | D:3      | Reached skill level 1 in Evocations
  1914 | D:3      | Reached XP level 4. HP: 32/36 MP: 9/11
  2043 | D:3      | Noticed Natasha
  2074 | D:3      | Killed Natasha
  2075 | D:3      | Reached skill level 1 in Hexes
  2075 | D:3      | Reached skill level 1 in Summonings
  2075 | D:3      | Reached skill level 1 in Necromancy
  2075 | D:3      | Reached skill level 1 in Translocations
  2075 | D:3      | Reached skill level 1 in Transmutations
  2075 | D:3      | Reached skill level 1 in Fire Magic
  2075 | D:3      | Reached skill level 1 in Ice Magic
  2075 | D:3      | Reached skill level 1 in Air Magic
  2075 | D:3      | Reached skill level 1 in Earth Magic
  2075 | D:3      | Reached skill level 1 in Poison Magic
  2557 | D:3      | Reached XP level 5. HP: 28/41 MP: 7/12
  2869 | D:3      | Noticed Natasha
  2873 | D:3      | Killed Natasha
  3062 | D:4      | HP: 1/36 [iguana (8)]
  3216 | D:4      | Succumbed to a scorpion's poison

Illustrated notes

Levels and vault maps discovered:
D:1:      psy_arrival_dodecagon, layout_loops_ring, serial_shops,
          nicolae_shop_window_shopping
D:2:      layout_loops_corners, minmay_fractal_squares_gapless_5
D:3:      layout_loops_corners, st_stairs_5, uniq_natasha
D:4:      layout_loops_ring, minmay_temple_entry_slanted

Skill      XL: |  1  2  3  4 |
---------------+-------------+-----
Spellcasting   | 5 |  5.2
Invocations    | 1 |  1.8
Short Blades   | 1 |  1.6
Axes           | 1 |  1.6
Maces & Flails | 1 |  1.6
Polearms       | 1 |  1.6
Staves         | 1 |  1.6
Ranged Weapons | 1 |  1.6
Throwing       | 1 |  1.6
Armour         | 1 |  1.6
Stealth        | 1 |  1.6
Shields        | 1 |  1.6
Unarmed Combat | 1 |  1.6
Evocations     | 1 |  1.6
Hexes          | 1 |  1.3
Summonings     | 1 |  1.3
Necromancy     | 1 |  1.3
Translocations | 1 |  1.3
Transmutations | 1 |  1.3
Fire Magic     | 1 |  1.3
Ice Magic      | 1 |  1.3
Air Magic      | 1 |  1.3
Earth Magic    | 1 |  1.3
Poison Magic   | 1 |  1.3
Fighting       | |  4.8
Long Blades    | |  6.7
Dodging        | |  4.8
Conjurations   | |  5.6

Action                   |  1- 3 |  4- 6 || total
-------------------------+-------+-------++-------
Melee: Falchion          |    92 |    45 ||   137
       Bite              |     3 |       ||     3
       Punch             |       |     1 ||     1
 Cast: Kiss of Death     |     1 |     4 ||     5
       Sandblast         |       |    35 ||    35
  Use: Scroll            |     1 |       ||     1
       Potion            |       |     2 ||     2
 Stab: Sleeping          |       |     1 ||     1
Armor: Leather armour    |    22 |    21 ||    43
Dodge: Dodged            |    44 |    57 ||   101

Table legend: (Time is in decaauts)
 A = Elapsed time spent in this place.
 B = Non-inter-level travel time spent in this place.
 C = Inter-level travel time spent in this place.
 D = Time resting spent in this place.
 E = Time spent auto-exploring this place.
 F = Levels seen in this place.
 G = Mean time per level.
                   A        B        C        D        E       F      G
               +--------+--------+--------+--------+--------+-----+--------+
         Total |   3233 |   3111 |    122 |    430 |   2219 |   4 |  808.2 |
       Dungeon |   3233 |   3111 |    122 |    430 |   2219 |   4 |  808.2 |
               +--------+--------+--------+--------+--------+-----+--------+

Top non-repeatable levels by time:
     D:3: 1120 daAuts
     D:2: 1084 daAuts
     D:1: 817 daAuts
     D:4: 211 daAuts
